 Dungeon Crawl Stone Soup version 0.31.0-32-g396128a36d (console) character file.

Game seed: 15196093095862337639

39293 utis the Cruncher (level 13, -1/116 HPs)
             Began as a Demigod Gladiator on Mar 31, 2024.
             Slain by a two-headed ogre
             ... wielding a +0 giant club
              (12 damage)
             ... on level 2 of the Orcish Mines.
             The game lasted 01:01:03 (23853 turns).

utis the Cruncher (Demigod Gladiator)              Turns: 23853, Time: 01:01:03

Health: -1/116     AC: 20    Str: 29    XL:     13   Next: 34%
Magic:  16/16      EV:  9    Int: 18    God:
Gold:   629        SH:  0    Dex: 20    Spells: 12/12 levels left

rFire   + . .        q - +2 quarterstaff (freeze)
rCold   . . .        (shield currently unavailable)
rNeg    . . .        S - +0 plate armour of the Saviour {Dex+5}
rPois   .            Z - +1 helmet
rElec   .            s - +0 cloak
rCorr   .            a - +0 pair of gloves
SInv    .            (no boots)
Will    +....        K - amulet of regeneration Stlth
                     w - ring of protection from fire
HPRegen 1.19/turn    A - +6 ring of strength
MPRegen 0.15/turn

%: no passive effects
@: no status effects
A: high MP 1, forlorn, divine attributes
a: no special abilities


You were on level 2 of the Orcish Mines.
You visited 3 branches of the dungeon, and saw 16 of its levels.

You collected 988 gold pieces.
You spent 359 gold pieces at shops.

Inventory:

Hand Weapons
 q - a +2 quarterstaff of freezing (weapon)
 U - a +3 halberd
 Y - a +2 dagger of pain
Missiles
 d - 3 throwing nets
 j - 92 stones
 t - 22 boomerangs (quivered)
 x - 17 poisoned darts
Armour
 a - a +0 pair of gloves (worn)
 s - a +0 cloak (worn)
 S - the +0 plate armour of the Saviour (worn) {Dex+5}
   (You found it on level 9 of the Dungeon)

   Dex+5:     It affects your dexterity (+5).
 Z - a +1 helmet (worn)
Jewellery
 b - a ring of ice
 v - the ring "Acruna Hash" {rPois rCorr}
   (You found it on level 3 of the Dungeon)

   [ring of poison resistance]

   rPois:     It protects you from poison rCorr: It protects you from acid and
   corrosion.
 w - a ring of protection from fire (left hand)
 A - a +6 ring of strength (right hand)
 D - a ring of ice
 K - an amulet of regeneration (around neck)
 M - a ring of fire
 Q - the ring "Kexuma" {Ice *Slow rPois Int+2}
   (You found it on level 9 of the Dungeon)

   [ring of ice]

   Ice:       It enhances your ice magic.
   Int+2:     It affects your intelligence (+2).
   rF-:       It makes you vulnerable to fire.
   rC+:       It protects you from cold.
   rPois:     It protects you from poison *Slow: It may slow you when you take
   damage.
 T - an amulet of magic regeneration
Wands
 y - a wand of digging (2)
 C - a wand of iceblast (5)
 F - a wand of charming (9)
Scrolls
 n - 5 scrolls of teleportation {@r1}
 u - 6 scrolls of noise
 z - a scroll of enchant weapon
 E - 4 scrolls of amnesia
 H - 2 scrolls of revelation
 L - a scroll of silence {!r}
 N - a scroll of blinking
 P - 2 scrolls of identify
 W - a scroll of butterflies
Potions
 c - a potion of invisibility {unknown}
 f - 2 potions of enlightenment
 g - a potion of attraction
 k - a potion of lignification
 l - 3 potions of mutation {!q}
 p - 7 potions of curing {@q1}
 O - 2 potions of haste {@q3}
 V - a potion of heal wounds {@q2}
 X - a potion of brilliance
Miscellaneous
 R - a sack of spiders


   Skills:
 + Level 11.5 Fighting
 - Level 14.0 Staves
 - Level 1.7 Throwing
 + Level 11.3 Armour
 - Level 2.6 Dodging
 - Level 2.0 Necromancy
 - Level 6.3 Evocations


You had 12 spell levels left.
You didn't know any spells.
Your spell library contained the following spells:

 Spells                   Type           Power      Damage    Failure   Level
 Scorch                   Fire           0%         2d5       93%         2
 Frozen Ramparts          Ice            0%         1d1       99%         3
 Flame Wave               Conj/Fire      0%         2d4       100%        4
 Leda's Liquefaction      Alch/Erth      0%         N/A       100%        4
 Petrify                  Alch/Erth      0%         N/A       100%        4
 Metabolic Englaciation   Hex/Ice        0%         N/A       100%        5
 Summon Cactus Giant      Summ           0%         N/A       100%        6


Dungeon Overview and Level Annotations

Branches:
Dungeon (11/15)            Temple (0/1) D:5            Lair (3/5) D:11
 Shoals (0/4) Lair:2       Spider (0/4) Lair:2          Orc (2/2) D:10
    Elf (0/3) Orc:2

Shops:
D:6 !?   D:7 *?   Orc:2 *

Annotations:
D:7 1 runed translucent door
D:8 1 transporter
D:9 1 runed translucent door


Innate Abilities, Weirdness & Mutations

You have an increased reservoir of magic. (+10% MP)
You shall have no god before yourself.
Your divine heritage dramatically boosts your attributes as you level up.


Message History

You hit the two-headed ogre. You freeze the two-headed ogre.
The two-headed ogre is almost dead.
An ogre mage comes into view. It is wielding a +0 flail.
The two-headed ogre hits you with a +0 giant club!
* * * LOW HITPOINT WARNING * * *
The two-headed ogre hits you with a +0 dire flail of protection.
* * * LOW HITPOINT WARNING * * *
The ogre mage shouts!
You hit the two-headed ogre. You freeze the two-headed ogre.
You kill the two-headed ogre!
You hear a shout!
Things that are here:
a +0 giant spiked club; an ogre corpse You start resting.
An ogre mage is nearby!
A two-headed ogre comes into view. It is wielding two +0 giant clubs.
The two-headed ogre shouts in stereo!
You hit the ogre mage. You freeze the ogre mage.
The ogre mage is lightly wounded.
The ogre mage casts a spell at the two-headed ogre.
The two-headed ogre seems to speed up.
You closely miss the ogre mage.
The ogre mage is lightly wounded.
You bludgeon the ogre mage!! You freeze the ogre mage.
The ogre mage is heavily wounded.
The ogre mage completely misses you.
You sock the ogre mage! You freeze the ogre mage.
The ogre mage is severely wounded.
You hit the ogre mage. You freeze the ogre mage.
The ogre mage is almost dead.
The ogre mage hits you with a +0 flail.
* * * LOW HITPOINT WARNING * * *
You barely miss the ogre mage.
The ogre mage is almost dead.
You sock the ogre mage! You freeze the ogre mage.
You kill the ogre mage!
The two-headed ogre hits you with a +0 giant club!!
* * * LOW HITPOINT WARNING * * *
The two-headed ogre hits you with a +0 giant club!
You die...

░..░......░..░......
........░............
.░░..░...........░...
░.......)...........
░░..░➘....░......... ░
░░....░..............
░░.░░.....░░░............
░.......)..░░░...........
.░░....)░░░....$.......
░░....░░░...O........
░░░░░..░p░░░....░.░....
░░░░.░░░..O).░░░...░░.....
░░.....░.░....░ ░░.........
░.....░......░......░░.....
░░...........░░.....C .░..
░░...........░░░..... ░.
░...........░░
░.............
░░.░...........
░░<.....░░░░░░ ░░░
░...░..░░


You could see a two-headed ogre (fast).

Vanquished Creatures
  Rupert (Lair:3)
  Azrael (Orc:2)
  2 hydras (Lair:3)
  2 catoblepae
  Fannar (Lair:3)
  An ogre mage (Orc:2)
  2 centaur warriors (D:9)
  6 two-headed ogres
  A skyshark (Lair:1)
  An orc knight (Orc:1)
  4 cyclopes
  An ugly thing (D:9)
  2 spectral centaurs (D:11)
  A manticore (D:11)
  A merfolk siren (Lair:2)
  3 elephants (Lair:3)
  2 black mambas
  A centaur zombie (D:11)
  A centaur skeleton (D:11)
  7 cane toads
  3 rime drakes
  Maggie (D:7)
  3 komodo dragons
  2 trolls (D:10)
  A hornet (D:10)
  15 blink frogs
  3 merfolk
  Grinder (D:6)
  A centaur simulacrum (D:11)
  3 culicivoras (Lair:2)
  6 wyverns
  27 yaks
  3 basilisks (Lair:2)
  6 vampire mosquitoes
  A warg (D:10)
  3 fire elementals
  Edmund (D:4)
  An acid dragon (D:11)
  2 hell hounds (Orc:1)
  5 water moccasins
  4 ice beasts
  4 orc warriors
  A laughing skull (D:9)
  10 ogres
  2 wolves (D:10)
  2 centaurs
  2 phantoms
  5 weeping skulls
  A kobold brigand (D:9)
  A brain worm (shapeshifter) (D:9)
  6 bullfrogs
  6 gnoll sergeants
  4 scorpions
  20 wights
  22 killer bees
  A howler monkey (D:8)
  6 orc priests
  A bombardier beetle (D:4)
  4 hounds
  2 jellies (D:4)
  A gnoll bouda (D:6)
  3 sleepcaps
  3 iguanas
  Ijyb (D:3)
  15 orc wizards
  2 hell rats (D:11)
  25 gnolls
  6 adders
  A white imp (D:5)
  2 ribbon worms
  A dart slug (D:2)
  50 orcs
  4 bats
  4 endoplasms
  4 giant cockroaches
  9 goblins
  7 hobgoblins
  9 jackals
  4 quokkas
  5 ball pythons
  3 frilled lizards
  9 kobolds
  5 rats
406 creatures vanquished.

Vanquished Creatures (collateral kills)
  A water moccasin (Lair:1)
1 creature vanquished.

Vanquished Creatures (others)
  A gnoll (D:10)
1 creature vanquished.

Grand Total: 408 creatures vanquished

Notes
Turn   | Place    | Note
-------+----------+-------------------------------------------
     0 | D:1      | utis the Demigod Gladiator began the quest for the Orb.
     0 | D:1      | Reached XP level 1. HP: 17/17 MP: 3/3
    98 | D:1      | Reached skill level 3 in Staves
   313 | D:1      | Reached XP level 2. HP: 24/24 MP: 4/4
  1008 | D:2      | Reached XP level 3. HP: 24/29 MP: 5/5
  1105 | D:2      | Reached skill level 4 in Staves
  1704 | D:2      | Reached XP level 4. HP: 36/36 MP: 6/6
  2155 | D:3      | Noticed Ijyb
  2233 | D:3      | Killed Ijyb
  2351 | D:3      | Reached skill level 5 in Staves
  2816 | D:3      | Identified the ring "Acruna Hash" {rPois rCorr}
  3320 | D:4      | Reached XP level 5. HP: 39/41 MP: 7/7
  3505 | D:4      | Reached skill level 6 in Staves
  3711 | D:4      | Reached XP level 6. HP: 47/48 MP: 8/8
  4213 | D:4      | Noticed Edmund
  4239 | D:4      | Killed Edmund
  4240 | D:4      | Reached skill level 1 in Armour
  4240 | D:4      | Reached skill level 1 in Evocations
  4460 | D:5      | Entered Level 5 of the Dungeon
  4472 | D:4      | Reached skill level 7 in Staves
  4867 | D:4      | Reached XP level 7. HP: 19/56 MP: 9/9
  5921 | D:5      | Found a staircase to the Ecumenical Temple.
  6067 | D:6      | Found Laloiso's Distillery.
  6092 | D:5      | Reached XP level 8. HP: 63/63 MP: 10/10
  6095 | D:5      | Identified a scroll of acquirement
  6095 | D:5      | Acquired a +2 quarterstaff of holy wrath
  6122 | D:6      | Bought a potion of degeneration for 11 gold pieces
  6122 | D:6      | Bought a potion of might for 44 gold pieces
  6122 | D:6      | Bought a potion of heal wounds for 55 gold pieces
  6122 | D:6      | Bought a potion of berserk rage for 55 gold pieces
  6190 | D:6      | Reached skill level 8 in Staves
  6798 | D:6      | Noticed Grinder
  6806 | D:6      | Killed Grinder
  6915 | D:6      | Found Mastamiu's Magic Scroll Shoppe.
  7532 | D:7      | Noticed a sixfirhy
  7532 | D:7      | Found a runed translucent door.
  7566 | D:7      | Reached skill level 9 in Staves
  7571 | D:7      | Noticed Maggie
  7576 | D:7      | Killed Maggie
  7590 | D:7      | Reached XP level 9. HP: 53/73 MP: 11/11
  7777 | D:7      | Reached skill level 5 in Fighting
  7798 | D:7      | Found Uwirch's General Store.
  8443 | D:7      | Reached skill level 5 in Armour
  8450 | D:7      | Reached skill level 10 in Staves
  8744 | D:7      | Found Liawkul's Magic Scroll Shop.
  8816 | D:7      | Bought a scroll of blinking for 97 gold pieces
  9334 | D:8      | Found a transporter.
 10532 | D:8      | Reached XP level 10. HP: 66/83 MP: 13/13
 10805 | D:9      | Noticed a cyclops
 10807 | D:9      | Noticed a manticore
 10809 | D:9      | Found a runed translucent door.
 10911 | D:9      | Noticed a cyan ugly thing
 10911 | D:9      | Noticed a centaur warrior
 10911 | D:9      | Noticed a centaur warrior
 10911 | D:9      | Noticed a cyclops
 11142 | D:9      | Reached skill level 11 in Staves
 11513 | D:9      | HP: 2/84 [cyan ugly thing (14)]
 11516 | D:9      | Killed a cyan ugly thing
 11794 | D:9      | Killed a centaur warrior
 11923 | D:9      | Killed a centaur warrior
 12016 | D:9      | Killed a cyclops
 12112 | D:9      | Identified the ring "Kexuma" {Ice *Slow rPois Int+2}
 12112 | D:9      | Identified the +0 plate armour of the Saviour {Dex+5}
 12211 | D:10     | Entered Level 10 of the Dungeon
 12233 | D:10     | Noticed a two-headed ogre
 12245 | D:10     | Killed a two-headed ogre
 12246 | D:10     | Reached skill level 12 in Staves
 12600 | D:10     | Found a staircase to the Orcish Mines.
 13334 | D:9      | Reached XP level 11. HP: 63/92 MP: 14/14
 13490 | D:10     | Identified the +1 ring mail of Dithmenos's Outrage {-Tele
                  | rPois rC+ SInv}
 14115 | D:11     | Found a staircase to the Lair.
 15471 | Lair:1   | Entered Level 1 of the Lair of Beasts
 15497 | Lair:1   | Reached skill level 13 in Staves
 16213 | D:11     | HP: 3/95 [blink frog (6)]
 16499 | Lair:1   | Noticed Erica
 16535 | Orc:1    | Entered Level 1 of the Orcish Mines
 17082 | Orc:2    | Entered Level 2 of the Orcish Mines
 17091 | Orc:2    | Found a staircase to the Elven Halls.
 17124 | Orc:2    | Noticed a two-headed ogre
 17159 | Orc:2    | Noticed an orc knight
 17177 | Orc:1    | Killed an orc knight
 17754 | D:7      | Bought a scroll of blinking for 97 gold pieces
 18024 | Orc:2    | Noticed a two-headed ogre
 18035 | Orc:2    | Killed a two-headed ogre
 18039 | Orc:2    | Noticed a two-headed ogre
 18049 | Orc:2    | Killed a two-headed ogre
 18201 | Orc:2    | Noticed Azrael
 18497 | Lair:1   | Erica changed into Erica the cyclops
 18497 | Lair:1   | Noticed Erica
 18508 | Lair:1   | Killed Erica the cyclops
 18580 | D:11     | Reached XP level 12. HP: 51/103 MP: 15/15
 19634 | Lair:1   | Noticed a catoblepas
 19664 | Lair:1   | Killed a catoblepas
 19665 | Lair:1   | Reached skill level 14 in Staves
 19991 | Lair:1   | Reached skill level 5 in Evocations
 20363 | Lair:2   | Found a staircase to the Shoals.
 20524 | Lair:2   | Reached skill level 1 in Necromancy
 20992 | Lair:2   | Reached skill level 10 in Fighting
 21112 | Lair:2   | Found a hole to the Spider Nest.
 21239 | Lair:2   | Noticed a catoblepas
 21260 | Lair:2   | Killed a catoblepas
 22084 | Lair:2   | Reached skill level 10 in Armour
 22134 | Lair:3   | Noticed Fannar
 22168 | Lair:3   | Killed Fannar
 22524 | Lair:3   | Noticed a four-headed hydra
 22553 | Lair:3   | Killed a four-headed hydra
 22621 | Lair:3   | Noticed a four-headed hydra
 22625 | Lair:3   | Reached XP level 13. HP: 104/114 MP: 16/16
 22979 | Lair:3   | Noticed Rupert
 23003 | Lair:3   | Killed Rupert
 23584 | Orc:2    | Killed Azrael
 23759 | Orc:2    | Found Sucigek's Superlative Supplies.
 23853 | Orc:2    | Slain by a two-headed ogre

Illustrated notes

Levels and vault maps discovered:
D:1:      dpeg_arrival_line_fractal, layout_basic,
          dreamdust_ecumenical_altar_statues
D:2:      layout_loops_corners, minmay_misc_feat_iff,
          chequers_serial_rivers_micro_c
D:3:      layout_basic, zin_academy, nicolae_overflow_crystal_walls,
          minmay_misc_feat_square, uniq_ijyb
D:4:      layout_gridville, minmay_overflow_temple_hex, uniq_edmund
D:5:      layout_cave_pools, old_standard_altar,
          minmay_temple_entry_glassed_door
D:6:      layout_loops_ring, marbit_many_paths, serial_shops, shop,
          nicolae_shop_waterfront, grunt_ministairs_14, uniq_grinder
D:7:      layout_cave_pools, nicolae_hepliaklqana_hippocampus,
          nzn_makhleb_speed_demon, serial_shops, shop, shop, uniq_maggie
D:8:      layout_rooms, pdpol_wu_jian_five_deadly_venoms, nicolae_diode_basic
D:9:      minmay_the_grid_triangle_9x9_rhombus_thin
          [minmay_the_grid_triangle_9x9_intruding_spiral,
          minmay_the_grid_triangle_9x9_prize_top_heavy,
          minmay_the_grid_triangle_9x9_subtriangle,
          minmay_the_grid_triangle_9x9_sprig], layout_irregular_city,
          minivault_23
D:10:     layout_long_grid, minmay_orc_entry_guard_dogs
D:11:     lemuel_vampire_tower, layout_gridville, lair_entry_dummy, uniq_maurice
Lair:1:   layout_layer_cave, grunt_forest_large_clearing_hut,
          lemuel_fruit_fields, serial_bayou_shore_b, uniq_erica
Lair:2:   layout_loops_ring, elwin_shoals_entry_stream,
          hellmonk_spider_entry_life_and_decay, lemuel_fruit_fields
Lair:3:   layout_loops_ring, serial_bayou_shore_a, uniq_fannar, uniq_rupert
Orc:1:    layout_diamond_mine
Orc:2:    st_orc_ogre_mass, layout_caves, nicolae_alphabet_shops, uniq_azrael,
          uniq_sonja

Skill      XL: |  1  2  3  4  5  6  7  8  9 10 11 12 13 |
---------------+----------------------------------------+-----
Staves         | 3 4 5 6 7 9 10 12 13 14 | 14.0
Fighting       | 2 3 4 6 7 8 10 11 | 11.5
Armour         | 1 2 4 5 7 8 10 11 | 11.3
Evocations     | 1 2 3 4 6 |  6.3
Necromancy     | 2 |  2.0
Throwing       | |  1.7
Dodging        | |  2.6

Action                     |  1- 3 |  4- 6 |  7- 9 | 10-12 | 13-15 || total
---------------------------+-------+-------+-------+-------+-------++-------
  Melee: Quarterstaff      |   140 |   193 |   469 |  1101 |   166 ||  2069
  Throw: Dart              |       |       |     7 |       |    11 ||    18
         Boomerang         |       |       |       |     7 |     7 ||    14
         Javelin           |       |       |       |     2 |     1 ||     3
  Evoke: Wand              |       |       |     5 |    19 |       ||    24
         Sack of spiders   |       |       |       |     1 |       ||     1
    Use: Scroll            |       |    10 |     7 |     8 |     1 ||    26
         Potion            |       |       |       |     6 |     1 ||     7
 Armour: Leather armour    |    17 |       |       |       |       ||    17
         Ring mail         |    28 |       |       |       |       ||    28
         Plate armour      |    36 |   176 |   439 |   931 |   124 ||  1706
  Dodge: Dodged            |    63 |    56 |   186 |   341 |    46 ||   692
